 Dungeon Crawl Stone Soup version 0.18-a0-1203-gbde16db (webtiles) character file.

824 truemonolith the Martial Artist (level 7, 0/61 HPs)
             Began as a Black Draconian Monk on Feb 1, 2016.
             Slain by a gnoll shaman
             ... wielding a +0 whip
              (9 damage)
             ... on level 4 of the Dungeon.
             The game lasted 00:12:20 (5032 turns).

truemonolith the Martial Artist (DrMo)              Turns: 5032, Time: 00:12:20

Health: 0/61       AC: 12    Str: 13    XL:     7   Next: 64%
Magic:  7/7        EV: 13    Int: 10    God:
Gold:   217        SH:  0    Dex: 20    Spells: 0 memorised, 6 levels left

rFire  . . .     SeeInvis +       - Unarmed
rCold  . . .     Gourm    .     (armour unavailable)
rNeg   . . .     Faith    .     (no shield)
rPois  .         Spirit   .     j - +2 hat
rElec  +         Dismiss  .     b - +0 cloak
rCorr  .         Reflect  .     h - +1 pair of gloves
SustAt .         Harm     .     p - +0 pair of boots
MR     .....                    d - amulet of inaccuracy (curse)
Stlth  ++........               i - +4 ring of dexterity
                                v - ring of see invisible

@: lethally poisoned (0 -> -7), not resistant to hostile enchantments,
unstealthy
A: breathe lightning, unfitting armour, electricity resistance, cold-blooded, AC
+6
a: Breathe Lightning


You were on level 4 of the Dungeon.
You were not hungry.

You visited 1 branch of the dungeon, and saw 4 of its levels.

You collected 217 gold pieces.

Inventory:

Armour
 b - a +0 cloak (worn)
 h - a +1 pair of gloves (worn)
 j - a +2 hat (worn)
 p - a +0 pair of boots (worn)
Jewellery
 d - a cursed amulet of inaccuracy (around neck)
 i - a +4 ring of dexterity (right hand)
 m - an uncursed ring of teleportation
 v - a ring of see invisible (left hand)
Scrolls
 c - 3 scrolls of identify
 k - a scroll of noise
Comestibles
 a - 4 bread rations
 g - 2 royal jellies
 u - 2 meat rations
 w - a slice of pizza


   Skills:
 + Level 5.4 Fighting
 - Level 2.6 Dodging
 - Level 1.7 Stealth
 - Level 8.7 Unarmed Combat


You had 6 spell levels left.
You didn't know any spells.

Dungeon Overview and Level Annotations

Branches:
Dungeon (4/15)
 Temple: D:4-7

Altars:
Elyvilon
Pakellas
Qazlal
Vehumet
Zin
The Shining One


Innate Abilities, Weirdness & Mutations

You can breathe wild blasts of lightning.
Your glossy black scales are hard (AC +6).
Your body does not fit into most forms of armour.
You are resistant to electric shocks.
You are cold-blooded and may be slowed by cold attacks.


Message History

You feel sick. The killer bee barely misses you.
The gnoll hits you with a club.
* * * LOW HITPOINT WARNING * * *
The gnoll shaman barely misses you.
You are too injured to fight recklessly!
You are too injured to fight recklessly!
You are too injured to fight recklessly!
You are too injured to fight recklessly!
You are too injured to fight recklessly!
You are too injured to fight recklessly!
You are too injured to fight recklessly!
You are too injured to fight recklessly!
Unknown command.
You are too injured to fight recklessly!
You closely miss the gnoll.
You feel sick. The killer bee barely misses you.
The killer bee stings you but does no damage.
The gnoll hits you with a club.
* * * LOW HITPOINT WARNING * * *
The gnoll shaman hits you with a whip!
You die...

#....##.# #...##..# ###....#.#
##...#.#*
###.#..#.########......#
..................##.###
.##.####.##.....).....######
.....###.####.#..###.......######
....†.....###.#....)..#.##.......
###..÷.......)...######.########.
#.###.##.##)..@g### #..### ## #.#
#.##.##.#.yg..# ##...##
#.###.....)...#.#.######..#
#.##..........#....<.yS.#.#####
###.##.#######.)...######h.......
#......# #[[...#########.###.
....#### #.........# #.##.. ##.##
#<........# #.#..# ##.#
#####.....# #...##


You could see a gnoll shaman, a killer bee and a gnoll.

Vanquished Creatures
  The ghost of Multipenetrator the Gusty, an amateur HEAE (D:3)
  An ogre (D:4)
  5 killer bees
  A hound (D:4)
  2 orc priests
  Ijyb (D:2)
  Terence (D:2)
  2 orc wizards (D:4)
  A worker ant (D:4)
  8 gnolls (D:4)
  5 adders
  3 oozes
  2 worms
  3 giant geckos (D:4)
  8 orcs
  A ball python (D:3)
  6 giant cockroaches
  7 goblins
  8 hobgoblins
  2 jackals (D:4)
  7 kobolds
  7 bats
  3 giant newts
  7 rats
92 creatures vanquished.

Vanquished Creatures (others)
  An ice dragon (D:3)
  An orc (D:3)
  A bat (D:3)
  A bush (D:3)
4 creatures vanquished.

Grand Total: 96 creatures vanquished

Notes
Turn   | Place    | Note
--------------------------------------------------------------
     0 | D:1      | truemonolith the Draconian Monk began the quest for the Orb.
     0 | D:1      | Reached XP level 1. HP: 19/19 MP: 1/1
   206 | D:1      | Reached XP level 2. HP: 26/26 MP: 2/2
  1192 | D:2      | Reached skill level 5 in Unarmed Combat
  1192 | D:2      | Reached XP level 3. HP: 25/31 MP: 3/3
  1195 | D:2      | Noticed Terence
  1399 | D:2      | Killed Terence
  1437 | D:2      | Reached XP level 4. HP: 19/38 MP: 4/4
  1679 | D:2      | You fall through a shaft!
  1679 | D:3      | Found an oddly glowing altar of Pakellas.
  1679 | D:3      | Noticed an ice dragon
  1696 | D:3      | Killed an ice dragon
  1900 | D:2      | Noticed Ijyb
  1983 | D:2      | Found a stormy altar of Qazlal.
  1983 | D:2      | Found a white marble altar of Elyvilon.
  2118 | D:2      | Killed Ijyb
  2118 | D:2      | Reached skill level 6 in Unarmed Combat
  2184 | D:3      | Noticed Multipenetrator's ghost (amateur HEAE)
  2232 | D:3      | Killed Multipenetrator's ghost
  2232 | D:3      | Reached XP level 5. HP: 28/45 MP: 5/5
  2349 | D:3      | Found a radiant altar of Vehumet.
  2361 | D:3      | Reached skill level 7 in Unarmed Combat
  2504 | D:3      | Found a glowing silver altar of Zin.
  2620 | D:3      | Found a glowing golden altar of the Shining One.
  2854 | D:4      | Reached XP level 6. HP: 39/51 MP: 6/6
  3653 | D:4      | Reached skill level 8 in Unarmed Combat
  3884 | D:4      | Reached XP level 7. HP: 8/57 MP: 7/7
  3884 | D:4      | Your scales start taking on a glossy black colour.
  3884 | D:4      | Gained mutation: You are resistant to electric shocks. [Black Draconian growth]
  4728 | D:4      | Reached skill level 5 in Fighting
  5032 | D:4      | Slain by a gnoll shaman

Vault maps used:
D:1:      lightli_arrival_flooded_house
D:2:      gammafunk_temple_overflow_elements, uniq_terence, uniq_iyjb
D:3:      nicolae_overflow_crystal_walls, overflow_temple_1_default,
          lemuel_round_altar, minmay_misc_feat_nine_boxes,
          gammafunk_pakellas_spire_experiment
D:4:      nemelex_xobeh_ov_fountains_minmay, serial_shops, shop, first_bread

Action                   |  1- 3 |  4- 6 |  7- 9 || total
-------------------------+-------+-------+-------++-------
Melee: Unarmed           |    97 |   225 |    93 ||   415
 Abil: Breathe Lightning |       |       |     1 ||     1
  Use: Potion            |       |     6 |     2 ||     8
       Scroll            |       |    10 |       ||    10
 Stab: Sleeping          |     2 |     5 |       ||     7
  Eat: Meat ration       |     1 |       |       ||     1
       Bread ration      |       |     1 |     1 ||     2
